 Dungeon Crawl Stone Soup version 0.29-a0-1027-gcd8c55af63 (webtiles) character file.

Game seed: 6107787041639907335

428 ragingrage the Chopper (level 6, -2/47 HPs)
             Began as a Demonspawn Chaos Knight on Aug 13, 2022.
             Was a Plaything of Xom.
             Slain by a chaos spawn (5 damage)
             ... summoned by Xom
             ... on level 4 of the Dungeon.
             The game lasted 00:03:39 (3478 turns).

ragingrage the Chopper (Demonspawn Chaos Knight)    Turns: 3478, Time: 00:03:39

Health: -2/47      AC: 13    Str: 14    XL:     6   Next: 65%
Magic:  6/6        EV: 16    Int: 13    God:    Xom [......]
Gold:   190        SH:  0    Dex: 13    Spells: 5/5 levels left

rFire   . . .      SeeInvis +   a - +0 hand axe (chaos)
rCold   . . .      Faith    .   (no shield)
rNeg    . . .      Spirit   .   b - +2 leather armour
rPois   .          Reflect  .   t - +1 hat
rElec   .          Harm     .   (no cloak)
rCorr   .          Rampage  .   (no gloves)
Will    .....                   p - +0 pair of boots
Stlth   +.........              u - amulet of magic regeneration
HPRegen 0.15/turn               (no ring)
MPRegen 0.50/turn               (no ring)

@: agile, sanguine armoured, flying
A: hooves 2, powered by pain 1, sanguine armour 1, horns 1, see invisible
a: Renounce Religion


You were on level 4 of the Dungeon.
You worshipped Xom.
You were a very special plaything of Xom.
You visited 1 branch of the dungeon, and saw 4 of its levels.

You collected 190 gold pieces.

Inventory:

Hand Weapons
 a - a +0 hand axe of chaos (weapon)
Missiles
 r - 5 poisoned darts (quivered)
Armour
 b - a +2 leather armour (worn)
 p - a +0 pair of boots (worn)
 t - a +1 hat (worn)
Jewellery
 u - an amulet of magic regeneration (around neck)
Wands
 v - a wand of mindburst (12)
Scrolls
 d - 5 scrolls of identify {unknown}
 f - 3 scrolls of teleportation {unknown}
 g - a scroll of immolation {unknown}
 i - 3 scrolls of fog {unknown}
 k - a scroll of brand weapon {unknown}
 l - 2 scrolls of enchant weapon {unknown}
 m - a scroll of noise {unknown}
 n - a scroll of magic mapping {unknown}
 o - a scroll of vulnerability {unknown}
 q - 2 scrolls of fear {unknown}
Potions
 e - 2 potions of curing
 h - a potion of magic
 j - a potion of mutation
 w - a potion of berserk rage {unknown}
Miscellaneous
 c - a piece from Xom's chessboard (15/15)


   Skills:
 - Level 3.0 Fighting
 + Level 6.9 Axes
 - Level 1.7 Armour
 - Level 0.8 Dodging


You had 5 spell levels left.
You didn't know any spells.
Your spell library contained the following spells:

 Spells                   Type           Power      Damage    Failure   Level
 Magic Dart               Conj           0%         1d3       36%         1
 Sandblast                Erth           0%         2d4       36%         1
 Summon Small Mammal      Summ           0%         N/A       36%         1
 Call Imp                 Summ           0%         N/A       50%         2
 Passwall                 Tmut/Erth      0%         N/A       50%         2
 Call Canine Familiar     Summ           0%         N/A       75%         3
 Mephitic Cloud           Conj/Pois/Air  0%         N/A       75%         3
 Ozocubu's Armour         Ice            0%         N/A       75%         3
 Stone Arrow              Conj/Erth      0%         3d7       75%         3
 Summon Guardian Golem    Hex/Summ       0%         N/A       75%         3
 Metabolic Englaciation   Hex/Ice        0%         N/A       100%        5
 Simulacrum               Ice/Necr       0%         N/A       100%        6


Dungeon Overview and Level Annotations

Branches:
Dungeon (4/15)
 Temple: D:4-7

Altars:

Shops:
D:1 (


Innate Abilities, Weirdness & Mutations

You have hoof-like feet.
You sometimes gain a little power by taking damage.
When seriously injured, your blood forms armour. (AC +6)
You have a pair of small horns on your head.
You have supernaturally acute eyesight. (SInv)


Message History

A kobold is nearby!
A kobold is nearby!
A kobold is nearby!
A kobold is nearby!
A kobold is nearby!
You are too injured to fight recklessly!
The kobold shouts!
The kobold hits you but does no damage.
You hit the kobold.
You feel better.
The kobold is severely wounded.
The kobold completely misses you.
You hit the kobold but do no damage.
The kobold suddenly seems more agile.
You headbutt the kobold.
You kill the kobold!
g - a scroll labelled TEUVE BITREGH
Things that are here:
a +0 whip; 10 stones; a kobold corpse "Fight to survive, mortal."
A chaos spawn is nearby!
A chaos spawn is nearby!
You see here a jackal corpse.
The chaos spawn attacks as you move away!
The chaos spawn barely misses you.
You closely miss the chaos spawn. The chaos spawn gores you.
You are engulfed in flames!
You closely miss the chaos spawn. Your headbutt misses the chaos spawn.
The chaos spawn attacks as you move away!
The chaos spawn barely misses you.
The chaos spawn attacks as you move away!
The chaos spawn gores you. The chaos spawn sears you!
* * * LOW HITPOINT WARNING * * *
You focus on the pain.
You feel agile all of a sudden.
You see here a jackal corpse.
The chaos spawn attacks as you move away!
The chaos spawn barely misses you.
It was a potion of flight.
You feel very buoyant.
You fly up into the air.
The chaos spawn hits you.
You die...

.................. .
.................. s.
##....##.......... .#.
#...#...<.#..#..# ....
####.#.###......### ....#
#...........#.>...#####....#
#........#### #...#...†....# #
#........######...#.####...####.)
#.......†.......@................
#........#######)4...#...........
#........# #!.#.#.............
#........# ####).#.#.............
#........###.............>.......
####.##.##...##..####...........#
...#.#.......#..## #.......J...#
...#.#..#......## ##......h...#
........#.##.####### #..........#


You could see a chaos spawn (summoned).

Vanquished Creatures
  A phantom (D:4)
  2 scorpions (D:4)
  A hound (D:4)
  A jelly (D:4)
  An orc wizard (D:3)
  3 gnolls (D:3)
  3 adders
  4 dart slugs
  7 orcs (D:3)
  6 ball pythons
  5 endoplasms
  3 giant cockroaches (D:1)
  5 goblins
  5 hobgoblins
  10 jackals
  2 kobolds
  5 quokkas
  A bat (D:1)
  3 frilled lizards
  2 rats
70 creatures vanquished.

Vanquished Creatures (collateral kills)
  An endoplasm (D:1)
  A quokka (D:1)
  A frilled lizard (D:1)
3 creatures vanquished.

Vanquished Creatures (others)
  A ball python zombie (D:4)
1 creature vanquished.

Grand Total: 74 creatures vanquished

Notes
Turn   | Place    | Note
-------+----------+-------------------------------------------
     0 | D:1      | ragingrage the Demonspawn Chaos Knight began the quest for
                  | the Orb.
     0 | D:1      | Reached XP level 1. HP: 18/18 MP: 1/1
    70 | D:1      | Reached skill level 3 in Axes
   126 | D:1      | Found Wire Ymi's Weapon Shoppe.
   244 | D:1      | Gained mutation: When seriously injured, your blood forms
                  | armour. (AC +6) [demonic ancestry]
   244 | D:1      | Reached XP level 2. HP: 23/24 MP: 2/2
   279 | D:1      | XOM: potion effect (heal wounds)
   286 | D:1      | XOM: silly message
   452 | D:1      | XOM: silly message
   501 | D:1      | Reached XP level 3. HP: 29/29 MP: 3/3
   534 | D:1      | Found a faded altar of an unknown god.
   566 | D:1      | Reached skill level 4 in Axes
   765 | D:1      | XOM: silly message
  1135 | D:2      | XOM: divination: detect creatures
  1161 | D:2      | XOM: divination: detect items
  1863 | D:3      | Reached XP level 4. HP: 29/35 MP: 4/4
  2359 | D:3      | XOM: enchant monster (good)
  2370 | D:3      | Reached skill level 5 in Axes
  2601 | D:3      | XOM: cast spell 'Summon Hydra'
  2605 | D:3      | Gained mutation: You have large cloven feet. [demonic
                  | ancestry]
  2605 | D:3      | Reached XP level 5. HP: 37/41 MP: 5/5
  2724 | D:3      | XOM: torment (18/41 hp)
  2828 | D:3      | XOM: stat loss: -1 Int (12/13)
  3160 | D:4      | XOM: chaos cloud
  3169 | D:4      | Reached skill level 6 in Axes
  3300 | D:4      | Noticed a phantom
  3308 | D:4      | XOM: stat loss: -1 Int (12/13)
  3317 | D:4      | XOM: smoke on damage
  3321 | D:4      | XOM: blink monster(s)
  3322 | D:4      | XOM: polymorph quokka -> adder
  3324 | D:4      | XOM: blink monster(s)
  3331 | D:4      | Killed a phantom
  3332 | D:4      | Gained mutation: You sometimes gain a little power by
                  | taking damage. [demonic ancestry]
  3332 | D:4      | Reached XP level 6. HP: 17/47 MP: 6/6
  3335 | D:4      | Gained mutation: You have supernaturally acute eyesight.
                  | (SInv) [potion of mutation]
  3335 | D:4      | Gained mutation: You have a pair of small horns on your
                  | head. [potion of mutation]
  3335 | D:4      | Gained mutation: You have hoof-like feet. [potion of
                  | mutation]
  3465 | D:4      | XOM: summons 1 hostile demon
  3466 | D:4      | Noticed a chaos spawn
  3476 | D:4      | HP: 2/47 [chaos spawn[Xom] (14)]
  3478 | D:4      | Slain by a chaos spawn

Illustrated notes

Levels and vault maps discovered:
D:1:      sevenhm_arrival_forest_fort_large_4, layout_loops_ring, serial_shops,
          nicolae_shop_stone, ebering_ecumenical_altar_box,
          ebering_dispersal_statue_hall
D:2:      layout_rooms
D:3:      layout_loops_ring
D:4:      layout_rooms, mainiacjoe_overflow_catwalk

Skill      XL: |  1  2  3  4  5 |
---------------+----------------+-----
Axes           | 3 4 5 6 |  6.9
Fighting       | |  3.0
Armour         | |  1.7
Dodging        | |  0.8

Action                   |  1- 3 |  4- 6 || total
-------------------------+-------+-------++-------
Melee: Hand axe          |   129 |   119 ||   248
       Punch             |     1 |     1 ||     2
       Kick              |       |     1 ||     1
       Headbutt          |       |     3 ||     3
Throw: Dart              |     1 |     1 ||     2
Evoke: Piece from Xom's  |     1 |       ||     1
  Use: Potion            |     1 |     6 ||     7
 Stab: Invisible         |       |     7 ||     7
       Sleeping          |       |     1 ||     1
       Petrified         |       |     3 ||     3
       Petrifying        |       |     2 ||     2
Armor: Leather armour    |    48 |    53 ||   101
Dodge: Dodged            |    84 |    77 ||   161

Table legend: (Time is in decaauts)
 A = Elapsed time spent in this place.
 B = Non-inter-level travel time spent in this place.
 C = Inter-level travel time spent in this place.
 D = Time resting spent in this place.
 E = Time spent auto-exploring this place.
 F = Levels seen in this place.
 G = Mean time per level.
                   A        B        C        D        E       F      G
               +--------+--------+--------+--------+--------+-----+--------+
         Total |   3495 |   3387 |    108 |     29 |   2787 |   4 |  873.8 |
       Dungeon |   3495 |   3387 |    108 |     29 |   2787 |   4 |  873.8 |
               +--------+--------+--------+--------+--------+-----+--------+

Top non-repeatable levels by time:
     D:3: 1264 daAuts
     D:1: 948 daAuts
     D:2: 860 daAuts
     D:4: 422 daAuts
